 Dungeon Crawl Stone Soup version 0.20-a0-551-gc8f91ca (webtiles) character file.

355 M4edhros the Covert (level 6, 0/38 HPs)
             Began as an Octopode Artificer on Feb 3, 2017.
             Was a Follower of Fedhas.
             Slain by a gnoll
             ... wielding a +0 spear
              (5 damage)
             ... on level 5 of the Dungeon.
             The game lasted 00:05:03 (4209 turns).

M4edhros the Covert (Octopode Artificer)            Turns: 4209, Time: 00:05:04

Health: 0/38       AC:  2    Str: 11 (12) XL:     6   Next: 63%
Magic:  17/17      EV: 13    Int: 15 (18) God:    Fedhas [*.....]
Gold:   257        SH:  0    Dex: 11 (14) Spells: 5/5 levels left

rFire    + . .     SeeInvis .   A - +4 quarterstaff (chaos)
rCold    + . .     Gourm    .   (shield currently unavailable)
rNeg     . . .     Faith    .   (helmet restricted)
rPois    +         Spirit   .   (no amulet)
rElec    +         Reflect  .   o - ring of magical power
rCorr    +         Harm     .   p - +1 ring of protection
MR       .....                  (no ring)
Stlth    +++++.....             (no ring)
Regen    0.2/turn               (no ring)
                                (no ring)
                                (no ring)
                                (no ring)

@: brilliant, lethally poisoned (0 -> -3), resistant, flying
A: almost no armour, stealthy swim, amphibious, 8 rings, constrict 8, camouflage
1, gelatinous body 1
a: Fungal Bloom, Evolution, Renounce Religion


You were on level 5 of the Dungeon.
You worshipped Fedhas.
Fedhas was aware of your devotion.
You were hungry.

You visited 1 branch of the dungeon, and saw 5 of its levels.

You collected 257 gold pieces.

Inventory:

Hand Weapons
 a - a +0 short sword
 s - a +0 hunting sling
 A - a +4 quarterstaff of chaos (weapon)
Missiles
 h - 161 stones (quivered)
 y - 15 sling bullets
Jewellery
 o - a ring of magical power (left tentacle)
 p - a +1 ring of protection (right tentacle)
Wands
 b - a wand of flame (8/48)
 c - a wand of enslavement (6/24)
 d - a wand of random effects (14/48)
Scrolls
 e - a scroll of noise {unknown}
 i - 5 scrolls of identify {unknown}
 j - 2 scrolls of enchant weapon {unknown}
 k - a scroll of random uselessness {unknown}
 l - 2 scrolls of fear {unknown}
 m - a scroll of amnesia {unknown}
 n - a scroll of blinking {unknown}
 r - 4 scrolls of remove curse {unknown}
 u - a scroll of enchant armour {unknown}
 v - a scroll of teleportation {unknown}
 x - a scroll of fog {unknown}
Comestibles
 f - 4 bread rations
 g - a fruit


   Skills:
 - Level 1.0 Fighting
 - Level 1.0 Short Blades
 * Level 2.4 Slings
 - Level 2.0 Dodging
 + Level 8.0 Stealth
 * Level 2.1 Invocations
 - Level 3.2 Evocations


You had 5 spell levels left.
You didn't know any spells.

Dungeon Overview and Level Annotations

Branches:
Dungeon (5/15)
 Temple: D:4-7

Altars:
Fedhas
Qazlal

Shops:
D:4 %


Innate Abilities, Weirdness & Mutations

You cannot wear most types of armour.
You are very stealthy in the water. (Stealth+)
You are amphibious.
You can wear up to eight rings at the same time.
You can use your tentacles to constrict eight enemies at once.
Your skin changes colour to match your surroundings (Stealth+).
Your rubbery body absorbs attacks. (AC +1, EV +1)


Message History

You feel sick. The jackal bites you.
* * * LOW HITPOINT WARNING * * *
Your gnoll closely misses the jackal.
Your sky beast hits the gnoll but does no damage.
It was a potion of degeneration.
There was something very wrong with that liquid.
You feel weakened.
You feel dopey.
You feel clumsy. The jackal closely misses you.
Your gnoll misses the jackal. The jackal closely misses you.
Your wandering mushroom releases spores at the phantom.
It was a potion of flight.
You feel very buoyant.
You fly up into the air.
* * * LOW HITPOINT WARNING * * *
You feel sick.
The phantom hits your wandering mushroom.
The phantom blinks!
The jackal misses you.
Your gnoll barely misses the jackal.
The gnoll hits you from afar with a spear.
You die...
Fedhas appreciates your contribution to the ecosystem.

..# ######.>......).#
#..###......<........#
#...#........(.....##
#...............##
##........######....#
##.......# ....#
#####...(§(.# ....#
...?.))≈(.gf.# ....#
....##..†Ygh@# ##++#
### #.......#
#########


You could see a gnoll, a jackal, a friendly wandering mushroom, a friendly sky
beast and a friendly gnoll.

Vanquished Creatures
  A crimson imp (D:4)
  An orc priest (D:5)
  A bullfrog skeleton (D:3)
  A hound (D:4)
  A worker ant (D:5)
  2 adders (D:2)
  2 worms
  A dart slug (D:2)
  2 leopard geckos (D:2)
  6 orcs
  4 bats
  2 giant cockroaches (D:2)
  10 goblins
  8 hobgoblins
  2 quokkas
  A ball python (D:2)
  2 frilled lizards
  7 kobolds
  9 rats
63 creatures vanquished.

Vanquished Creatures (collateral kills)
  A centaur (D:5)
  A howler monkey (D:5)
  Crazy Yiuf (D:3)
  Robin (D:2)
  2 gnolls (D:5)
  An ooze (D:5)
  2 orcs (D:3)
  3 goblins (D:2)
  A jackal (D:5)
  A frilled lizard (D:5)
  A kobold (D:3)
  2 rats
17 creatures vanquished.

Vanquished Creatures (others)
  A wandering mushroom (D:3)
  An ogre (D:5)
  An adder (D:2)
  An orc (D:3)
  24 toadstools
28 creatures vanquished.

Grand Total: 108 creatures vanquished

Notes
Turn   | Place    | Note
-------+----------+-------------------------------------------
     0 | D:1      | M4edhros the Octopode Artificer began the quest for the Orb.
     0 | D:1      | Reached XP level 1. HP: 13/13 MP: 3/3
    77 | D:1      | Reached skill level 2 in Stealth
   251 | D:2      | Reached XP level 2. HP: 18/18 MP: 4/4
   254 | D:2      | Reached skill level 3 in Stealth
   419 | D:2      | Reached skill level 4 in Stealth
   419 | D:2      | Reached XP level 3. HP: 16/23 MP: 5/5
   601 | D:2      | Noticed Robin
  1392 | D:4      | Reached skill level 5 in Stealth
  1392 | D:4      | Reached XP level 4. HP: 23/28 MP: 6/6
  1534 | D:4      | Found Egunyghe's Food Boutique.
  1644 | D:5      | Entered Level 5 of the Dungeon
  1644 | D:5      | Found a blossoming altar of Fedhas.
  1647 | D:5      | Found a stormy altar of Qazlal.
  1661 | D:4      | Reached skill level 6 in Stealth
  1774 | D:5      | Reached skill level 7 in Stealth
  1774 | D:5      | Reached XP level 5. HP: 11/33 MP: 7/7
  1985 | D:5      | Became a worshipper of Fedhas Madash
  2782 | D:2      | Reached * piety under Fedhas
  3135 | D:2      | Reached skill level 1 in Slings
  3302 | D:2      | Killed Robin
  3401 | D:2      | Reached XP level 6. HP: 17/38 MP: 8/8
  3812 | D:3      | Found a runed door.
  4090 | D:3      | Noticed Crazy Yiuf
  4097 | D:3      | Killed Crazy Yiuf
  4097 | D:3      | Reached skill level 1 in Invocations
  4178 | D:5      | Noticed a sky beast
  4191 | D:5      | Killed a centaur
  4197 | D:5      | Noticed a phantom
  4202 | D:5      | Reached skill level 8 in Stealth
  4209 | D:5      | Slain by a gnoll

Vault maps used:
D:1:      minmay_arrival_plants_in_alcoves
D:2:      uniq_robin
D:3:      first_bread, st_stairs_4, uniq_crazy_yiuf_cottage
D:4:      serial_shops, shop
D:5:      grunt_temple_overflow_forces_of_nature, kennysheep_generic_room_6

Skill      XL: |  1  2  3  4  5  6 |
---------------+-------------------+-----
Stealth        | 2 4 5 7 8 |  8.0
Slings         | 1 2 |  2.4
Invocations    | 2 |  2.1
Fighting       | |  1.0
Short Blades   | |  1.0
Dodging        | |  2.0
Evocations     | |  3.2

Action                   |  1- 3 |  4- 6 || total
-------------------------+-------+-------++-------
Melee: Short sword       |    48 |    96 ||   144
       Tentacles         |     9 |    13 ||    22
       Constrict         |    12 |    26 ||    38
       Quarterstaff      |       |     4 ||     4
Invok: Fungal Bloom      |       |    19 ||    19
       Evolution         |       |     2 ||     2
Evoke: Wand              |     6 |    11 ||    17
  Use: Potion            |       |     4 ||     4
 Stab: Sleeping          |    10 |     9 ||    19
       Distracted        |       |     1 ||     1
  Eat: Chunk             |       |     3 ||     3
       Bread ration      |       |     1 ||     1
       Royal jelly       |       |     1 ||     1
Armor: Skin              |     1 |     7 ||     8
Dodge: Dodged            |    29 |    77 ||   106
